Map: Lost and Found LE

Players

AMERICA - Winner!

  • Race: Protoss Protoss
  • League: Diamond
  • Spawn Location: 7:00

IIIIIIIIIIII

  • Race: Zerg Zerg
  • League: Diamond
  • Spawn Location: 1:00

VOD

Have the link to the VOD?

Description

Time

  • Played on: Oct. 20, 2018, 2:22 p.m.
  • Length: 5:45
Show
View Real Time Build Order
Export as new Build Order

AMERICA Protoss - Winner!

Build Orders: Cannon Rush 

Get SALT Encoding   

  12  0:01  Probe  
  13  0:13  Probe  
  14  0:18  Pylon  
  14  0:25  Probe  
  15  0:37  Probe  
  15  0:40  Forge  
  16  0:52  Pylon  
  16  1:14  Gateway  
  16  1:16  Photon Cannon  
  16  1:28  Photon Cannon  
  16  1:43  Probe  
  16  1:46  Assimilator  
  17  1:52  Assimilator  
  17  1:56  Assimilator  
  17  1:57  Photon Cannon  
  17  2:07  Photon Cannon  
  17  2:18  Cybernetics Core  
  17  2:20  Probe  
  18  2:28  Probe  
  18  2:36  Probe  
  20  2:48  Probe  
  21  2:56  Pylon  
  21  3:00  Probe, Stalker  
  24  3:12  Probe  
  25  3:20  Robotics Facility  
  25  3:29  Shield Battery  
  25  3:35  Stalker  
  27  3:43  Shield Battery  
  27  3:57  Shield Battery  
  27  3:59  Stalker  
  29  4:11  Photon Cannon  
  29  4:24  Immortal  
  29  4:30  Pylon  
  33  4:49  Shield Battery  
  33  4:51  Photon Cannon  
  33  5:07  Photon Cannon  
  33  5:09  Shield Battery  
Show
View Real Time Build Order
Export as new Build Order

IIIIIIIIIIII Zerg 

Build Orders: Pool First 

Get SALT Encoding   

  12  0:01  Drone  
  13  0:08  Drone  
  14  0:16  Overlord  
  14  0:21  Extractor  
  13  0:23  Drone  
  14  0:34  Drone x2  
  16  0:44  Drone  
  17  0:51  Spawning Pool  
  17  0:56  Drone  
  17  1:05  Drone  
  18  1:16  Overlord  
  18  1:31  Hatchery  
  17  1:38  Zergling x4  
  19  1:43  Metabolic Boost  
  19  1:48  Zergling x2  
  20  2:04  Drone  
  20  2:11  Zergling x2  
  21  2:16  Queen  
  23  2:23  Roach Warren  
  23  2:24  Zergling x2  
  23  2:33  Zergling x2  
  24  2:42  Zergling x2  
  24  2:45  Overlord  
  24  2:49  Queen  
  26  2:52  Queen  
  28  3:02  Roach  
  28  3:03  Roach  
  32  3:09  Overlord  
  32  3:18  Roach  
  34  3:23  Ravager  
  34  3:25  Drone x2  
  34  3:27  Extractor  
  36  3:29  Drone  
  36  3:32  Drone  
  38  3:36  Zergling x2  
  39  3:44  Roach  
  41  3:51  Drone x2  
  41  3:52  Drone  
  44  3:58  Drone x2  
  46  4:08  Overlord  
  46  4:09  Zergling x2  
  47  4:12  Ravager  
  47  4:15  Zergling x4  
  50  4:26  Zergling x2  
  49  4:32  Roach  
  49  4:33  Roach x3  
  57  4:39  Roach  
  57  4:42  Zergling x2  
  57  4:44  Spine Crawler  
  59  4:47  Overlord  
  60  4:52  Zergling x2  
  60  4:58  Overlord  
  60  5:08  Overlord, Zergling x6  
  60  5:11  Zergling x2  
  60  5:12  Zergling x2  
  65  5:18  Zergling x4  
  62  5:21  Zergling x2  
  62  5:23  Zergling x2  
  62  5:27  Zergling x2  
Tags
 
Add a new tag
Caveats
  • Supply blocks, unpowered buildings, or Contaminate may cause inaccurate times.
  • Supply counts are checked every 10 seconds.